 Dungeon Crawl Stone Soup version 0.29.1-14-g9c671dbff4 (webtiles) character file.

Game seed: 10716228822533255069

1529 tizbic2 the Shield-Bearer (level 8, -1/55 HPs)
             Began as an Octopode Fighter on Feb 13, 2023.
             Slain by an orc wizard
             ... wielding a +0 dagger
              (2 damage)
             ... on level 6 of the Dungeon.
             The game lasted 00:22:17 (4185 turns).

tizbic2 the Shield-Bearer (Octopode Fighter)        Turns: 4185, Time: 00:22:18

Health: -1/55      AC:  5    Str: 18    XL:     8   Next: 85%
Magic:  8/8        EV: 18    Int: 10    God:
Gold:   362        SH:  6    Dex: 11    Spells: 6/7 levels left

rFire   + . .      SeeInvis .   a - +3 club (spect)
rCold   + . .      Faith    .   o - +1 buckler
rNeg    . . .      Spirit   .   (helmet restricted)
rPois   +          Reflect  .   (no amulet)
rElec   +          Harm     .   e - +4 ring of protection
rCorr   +          Rampage  .   j - ring of willpower
Will    +....                   d - ring of wizardry
Stlth   ++........              s - +4 ring of evasion
HPRegen 0.18/turn               (no ring)
MPRegen 0.11/turn               (no ring)
                                (no ring)
                                (no ring)

@: resistant, hasted, studying Invocations, very quick
A: almost no armour, amphibious, 8 rings, camouflage 1, gelatinous body 1,
(nimble swimmer 1), tentacles
a: no special abilities


You were on level 6 of the Dungeon.
You visited 1 branch of the dungeon, and saw 7 of its levels.
You also visited: Ossuary.

You collected 384 gold pieces.
You spent 22 gold pieces at shops.

Inventory:

Hand Weapons
 a - a +3 spectral club (weapon)
 h - a +4 whip
 w - a +1 vorpal sling
Missiles
 c - 38 stones (quivered)
 g - 5 curare-tipped darts
 q - 6 atropa-tipped darts
Armour
 o - a +1 buckler (worn)
Jewellery
 b - a ring of ice
 d - a ring of wizardry (on tentacle)
 e - a +4 ring of protection (left tentacle)
 j - a ring of willpower (right tentacle)
 s - a +4 ring of evasion (on tentacle)
Wands
 r - a wand of polymorph (8)
 v - a wand of digging (3)
Scrolls
 l - a scroll of silence
 t - 2 scrolls of immolation
 x - a scroll of blinking {unknown}
 y - a scroll of noise {unknown}
 B - a scroll of acquirement {unknown}
Potions
 f - 5 potions of curing {unknown}
 i - 2 potions of flight
 k - a potion of ambrosia {unknown}
 n - a potion of haste
 p - a potion of mutation
 A - a potion of brilliance {unknown}


   Skills:
 + Level 5.0 Fighting
 + Level 2.7 Maces & Flails
 + Level 5.1 Dodging
 * Level 6.5 Shields
 * Level 6.4 Unarmed Combat


You had 6 spell levels left.
You knew the following spells:

 Your Spells              Type           Power      Damage    Failure   Level
a - Magic Dart            Conj           0%         1d3       19%         1

Your spell library contained the following spells:

 Spells                   Type           Power      Damage    Failure   Level
 Call Imp                 Summ           0%         N/A       28%         2
 Conjure Flame            Conj/Fire      0%         6-21      47%         3
 Ignite Poison            Fire/Tmut/Pois 0%         N/A       47%         3
 Mephitic Cloud           Conj/Pois/Air  0%         N/A       47%         3
 Sticky Flame             Conj/Fire      0%         2d3       86%         4


Dungeon Overview and Level Annotations

Branches:
Dungeon (7/15)            Ossuary (visited)
 Temple: D:4-7

Altars:
Elyvilon

Shops:
D:1 *   D:4 ?   D:5 =   D:7 *


Innate Abilities, Weirdness & Mutations

You cannot wear most types of armour.
You are amphibious.
You can wear up to eight rings at the same time.
Your skin changes colour to match your surroundings (Stealth+).
Your rubbery body absorbs attacks. (AC +1, EV +1)
((You are camouflaged when in or above water. (Stealth+)))
You have tentacles for arms and can constrict up to eight enemies at once.


Message History

The orc attacks as you move away! You block the orc's attack.
The orc priest begins to cast a cantrip, but forgets the words!
The orc attacks as you move away! You block the orc's attack.
There is a stone staircase leading down here.
You block the orc's attack.
You climb downwards.
You hear the roar of battle.
There is an entrance to a bailey on this level.
Hurry and find it before the portal closes forever!
Reactivating autopickup.
Found Ikyeng's Assorted Antiques.
Found a stone staircase leading up and a stone staircase leading down.
There is a stone staircase leading up here.
The orc shouts!
The orc wizard shouts!
The orc shouts! x2
The orc misses you. The orc wizard completely misses you.
You climb upwards.
The orc hits you with a +0 falchion.
* * * LOW HITPOINT WARNING * * *
There is a stone staircase leading down here.
Okay, then.
You feel yourself speed up. The orc hits you with a +0 hand axe.
* * * LOW HITPOINT WARNING * * *
You hit the orc. Your grab misses the orc.
The orc is severely wounded.
You block the orc's attack.
You hit the orc.
You kill the orc!
Something hits you but does no damage.
Deactivating autopickup; reactivate with Ctrl-A.
You barely miss something. Your squeeze misses something.
Something barely misses you.
You hit something. Your squeeze misses something. You hit something.
You hear some strange, mumbled words.
A magic dart appears from out of thin air!
The magic dart hits you!
* * * LOW HITPOINT WARNING * * *
Unknown command.
It was a potion of resistance.
You feel protected. Something hits you.
You die...

#..#.......#.##
...##........... ####
#......)..## ..##.
##......#.# #.##.#
##...##..# #.##..#
#####...# #.#
#..####...### # #)#
#........# #.#@#
###..#####
#.#{#####....######
#.loo..............
#[..#o#####....######
###.#.# #..†.# # #.#
#........ #.#
#......... #.#
#........# #)#
#####..<.#


You could see an iguana and 3 orcs.

Vanquished Creatures
  Sigmund (D:3)
  A centaur (D:5)
  A phantom (D:6)
  A gnoll sergeant (D:5)
  4 elf zombies (Ossuary)
  A necrophage (D:6)
  4 jellies
  A hound (D:5)
  A human zombie (Ossuary)
  2 orc priests
  Ijyb (D:5)
  4 iguanas
  2 orc wizards
  A hound zombie (Ossuary)
  3 mummies (Ossuary)
  5 adders
  11 gnolls
  3 white imps
  6 adder zombies (Ossuary)
  2 worms (D:3)
  4 dart slugs
  26 orcs
  6 endoplasms
  5 giant cockroaches
  9 goblins
  8 hobgoblins
  6 jackals (D:1)
  4 ball pythons
  5 bats
  2 frilled lizards (D:1)
  2 gnoll zombies (Ossuary)
  4 goblin zombies (Ossuary)
  3 hobgoblin zombies (Ossuary)
  3 jackal zombies (Ossuary)
  5 kobolds
  A kobold zombie (D:5)
  3 orc zombies
  6 quokka zombies (Ossuary)
  2 rats (D:1)
  3 rat zombies (Ossuary)
162 creatures vanquished.

Notes
Turn   | Place    | Note
-------+----------+-------------------------------------------
     0 | D:1      | tizbic2 the Octopode Fighter began the quest for the Orb.
     0 | D:1      | Reached XP level 1. HP: 16/16 MP: 1/1
   158 | D:1      | Found Catiqis's General Store.
   176 | D:1      | Bought a scroll of identify for 22 gold pieces
   199 | D:1      | Reached XP level 2. HP: 20/21 MP: 2/2
   436 | D:1      | Reached XP level 3. HP: 26/26 MP: 3/3
   479 | D:1      | Found a faded altar of an unknown god.
   847 | D:2      | Reached XP level 4. HP: 24/31 MP: 4/4
  1451 | D:3      | Reached XP level 5. HP: 36/36 MP: 5/5
  1847 | D:3      | Noticed Sigmund
  1860 | D:3      | Killed Sigmund
  1861 | D:3      | Reached XP level 6. HP: 11/43 MP: 6/6
  2178 | D:4      | Learned a level 1 spell: Magic Dart
  2594 | D:4      | Found Tuwunlimu's Magic Scroll Shop.
  2801 | D:5      | Entered Level 5 of the Dungeon
  2806 | D:5      | Found a white marble altar of Elyvilon.
  2824 | D:5      | Reached XP level 7. HP: 44/48 MP: 5/7
  2940 | D:5      | Found Ixalosup's Jewellery Shoppe.
  2964 | D:5      | Reached skill level 5 in Shields
  3274 | D:5      | Found a sand-covered staircase.
  3276 | D:5      | Reached skill level 5 in Unarmed Combat
  3290 | Ossuary  | Entered an ossuary
  3327 | Ossuary  | Reached skill level 1 in Maces & Flails
  3429 | Ossuary  | Reached XP level 8. HP: 48/54 MP: 8/8
  3865 | D:5      | Noticed Ijyb
  3872 | D:5      | Killed Ijyb
  4074 | D:6      | Reached skill level 5 in Dodging
  4093 | D:6      | Reached skill level 5 in Fighting
  4176 | D:7      | Found Ikyeng's Assorted Antiques.
  4184 | D:6      | HP: 1/55 [something/magic dart (8)]
  4185 | D:6      | Slain by an orc wizard

Illustrated notes

Levels and vault maps discovered:
D:1:      dpeg_arrival_rooms_b, layout_rooms, serial_shops, shop,
          shapermc_ecumenical_altar_notcrosses
D:2:      layout_loops_cross
D:3:      layout_loops_ring, uniq_sigmund
D:4:      layout_cave_pools, serial_shops, shop, minmay_circle_x
D:5:      layout_basic, elyvilon_altar_5, serial_shops, shop_fountains,
          enter_ossuary_3, uniq_ijyb
D:6:      layout_basic, nicolae_overflow_hidden_temple, temple_statues,
          minmay_manual_moon
D:7:      layout_loops_cross, enter_bailey_2, serial_shops, nicolae_shop_trees,
          shop, nicolae_diamond_shop, uniq_maggie

Skill      XL: |  1  2  3  4  5  6  7  8 |
---------------+-------------------------+-----
Unarmed Combat | 3 4 5 6 |  6.4
Shields        | 4 5 6 |  6.5
Dodging        | 4 5 |  5.1
Fighting       | 4 5 |  5.0
Maces & Flails | 1 2 |  2.7

Action                   |  1- 3 |  4- 6 |  7- 9 || total
-------------------------+-------+-------+-------++-------
Melee: Unarmed           |    82 |    47 |       ||   129
       Constrict         |    18 |    26 |    47 ||    91
       Tentacles         |    12 |    23 |    49 ||    84
       Punch             |     5 |     3 |     5 ||    13
       Spear             |       |    56 |    11 ||    67
       Whip              |       |       |   132 ||   132
       Club              |       |       |    25 ||    25
 Fire: Sling             |       |       |    23 ||    23
Throw: Dart              |       |     1 |       ||     1
 Cast: Magic Dart        |       |    14 |       ||    14
  Use: Scroll            |     2 |     8 |     4 ||    14
       Potion            |       |     1 |     2 ||     3
 Stab: Sleeping          |     4 |     5 |     6 ||    15
Armor: Skin              |    13 |    15 |    16 ||    44
Dodge: Dodged            |    38 |    30 |   106 ||   174
Block: Buckler           |    16 |    29 |    28 ||    73
